Reign vs Marlies
(R1)
Created - November 4, 2022 at 19:26
Goals
|
Reign |
0 |
0 |
4 |
4 |
Marlies |
0 |
2 |
3 |
5 |
|
Shots
|
Reign |
7 |
5 |
13 |
25 |
Marlies |
3 |
15 |
17 |
35 |
|
1st period
No Goal
Penalties :
Jason Robertson (Ont) for Holding (Minor) at 7:22, Jason Robertson (Ont) for Elbowing (Minor) at 15:00
2nd period
1. Marlies , Martin Necas 2 (Aleksi Saarela 2) at 15:19
2. Marlies , Colton Sissons 1 (Jeff Corbett 1, Martin Necas 2) at 19:44 (PP)
Penalties :
Pierre-Olivier Joseph (Tor) for Slashing (Minor) at 5:24, J.T. Brown (Ont) for Interference (Minor) at 18:33
3rd period
3. Reign , Josh Anderson 1 (Jakob Chychrun 2, Morgan Frost 1) at 2:05
4. Marlies , Colton Sissons 2 (Brett Pesce 2) at 4:43 (PP)
5. Marlies , Colton Sissons 3 (Martin Necas 3, Brett Pesce 3) at 11:15 (PP)
6. Reign , Sam Carrick 3 (J.T. Brown 1, Morgan Frost 2) at 12:05
7. Reign , Jason Robertson 1 (Matthew Tkachuk 3, Nick Suzuki 1) at 12:21 (PP)
8. Marlies , Pavel Zacha 2 (Alex Formenton 2, Aleksi Saarela 3) at 15:53
9. Reign , Sam Carrick 4 (Matthew Tkachuk 4, Matt Roy 3) at 18:41
Penalties :
Jason Robertson (Ont) for Holding Stick (Minor) at 3:34, Matthew Tkachuk (Ont) for Hooking (Minor) at 9:25, Joel Eriksson Ek (Ont) for Elbowing (Minor) at 9:47, Nicholas Baptiste (Tor) for Interference (Minor) at 12:11, Alex Formenton (Tor) for Holding (Minor) at 13:43, Logan Brown (Tor) for Interference (Minor) at 19:09
Goalie Stats
Cayden Primeau (Ont), 30 saves from 35 shots - (0.857), L, 0-1-0, 58:45 minutes
Charlie Lindgren (Tor), 21 saves from 25 shots - (0.840), W, 3-0-0, 60:00 minutes
Players Stats for Reign
Player Name G A P +/- PIM S H SB GA TA FO MP PP MP PK MP
------------------------------------------------------------------------------------
Brendan Guhle 0 0 0 1 0 1 0 2 0 1 0/0 19:35 0:00 5:43
Brett Kulak 0 0 0 0 0 1 1 2 0 0 0/0 21:55 0:00 2:56
Drake Batherson 0 0 0 0 0 2 2 0 2 0 0/1 14:56 2:04 0:00
J.T. Brown 0 1 1 -1 2 5 0 0 0 0 0/0 15:35 0:00 3:47
Jakob Chychrun 0 1 1 0 0 0 2 2 0 2 0/0 16:47 3:08 0:00
Jason Robertson 1 0 1 -1 6 1 0 0 0 0 2/3 15:38 2:17 0:00
Joel Eriksson Ek 0 0 0 0 2 1 2 0 0 1 13/27 19:20 2:04 4:13
Josh Anderson 1 0 1 0 0 4 0 0 0 1 1/1 11:00 0:00 1:31
Lane MacDermid 0 0 0 0 0 1 1 0 1 1 2/2 14:26 0:00 2:37
Matt Roy 0 1 1 0 0 1 0 0 0 0 0/0 11:22 1:50 0:00
Matthew Tkachuk 0 2 2 1 2 0 3 0 1 0 0/0 14:46 2:45 0:00
Michael Anderson 0 0 0 -1 0 0 0 0 0 0 0/0 5:55 1:50 0:00
Morgan Ellis 0 0 0 0 0 1 0 0 0 1 0/0 6:58 0:00 2:56
Morgan Frost 0 2 2 1 0 0 0 0 0 0 2/7 10:35 0:37 0:27
Nick Suzuki 0 1 1 0 0 1 1 0 0 0 5/11 14:16 2:45 0:00
Nicolas Hague 0 0 0 2 0 0 1 0 0 2 0/0 15:23 0:00 5:43
Patrik Laine 0 0 0 1 0 1 1 0 1 1 0/1 14:12 2:13 0:00
Pierre-Luc Dubois 0 0 0 1 0 0 1 1 0 0 0/0 10:34 0:00 0:54
Sam Carrick 2 0 2 1 0 4 3 1 0 0 6/12 14:29 0:09 2:20
Tony DeAngelo 0 0 0 0 0 1 4 1 1 1 0/0 22:05 3:08 0:00
Players Stats for Marlies
Player Name G A P +/- PIM S H SB GA TA FO MP PP MP PK MP
------------------------------------------------------------------------------------
Aleksi Saarela 0 2 2 0 0 4 1 1 1 0 8/14 14:36 0:19 0:54
Alex Formenton 0 1 1 0 2 2 1 0 0 0 0/0 16:24 3:44 0:00
Brett Pesce 0 2 2 -1 0 2 1 2 2 0 0/0 27:26 5:52 2:48
Colton Sissons 3 0 3 -1 0 5 0 0 0 0 5/9 14:28 3:44 2:45
Dennis Gilbert 0 0 0 -1 0 1 0 0 0 1 0/0 14:46 0:14 2:10
Dmitri Samorukov 0 0 0 -1 0 0 0 1 1 0 0/0 11:27 0:00 0:00
Henri Ikonen 0 0 0 -1 0 1 1 0 0 0 0/0 8:46 0:06 0:49
Jeff Corbett 0 1 1 -1 0 1 2 2 2 1 0/0 25:09 2:47 2:10
Keaton Thompson 0 0 0 1 0 1 1 0 0 2 0/0 20:48 2:47 2:33
Logan Brown 0 0 0 -1 2 0 0 0 0 0 3/4 10:14 0:00 0:00
Martin Necas 1 2 3 0 0 6 2 3 2 0 2/2 16:16 3:44 0:00
Mathieu Olivier 0 0 0 -1 0 0 0 1 0 0 0/1 11:09 0:00 1:19
Nicholas Baptiste 0 0 0 1 2 3 4 0 0 1 1/2 19:55 4:42 0:00
Pavel Zacha 1 0 1 1 0 3 2 0 1 0 15/33 21:20 4:43 1:19
Pierre-Olivier Joseph 0 0 0 1 2 3 0 0 1 0 0/0 20:47 5:38 0:15
Tobias Lindberg 0 0 0 -1 0 0 2 0 0 0 0/0 7:40 0:06 0:00
Tyler Benson 0 0 0 -1 0 3 2 0 0 1 0/0 13:35 0:00 2:50
Valentin Zykov 0 0 0 1 0 0 0 0 1 0 0/0 20:12 4:49 0:00
3 Stars
1 - Colton Sissons (Tor)
2 - Sam Carrick (Ont)
3 - Martin Necas (Tor)
Power Play
Reign - 1 on 4 Attempt(s) - 25.00%
Marlies - 3 on 6 Attempt(s) - 50.00%
Penalty Kill
Reign - 3 on 6 Attempt(s) - 50.00%
- Score 0 goal in Penalty Kill
Marlies - 3 on 4 Attempt(s) - 75.00%
- Score 0 goal in Penalty Kill
Team Stat
Reign - Hits : 22 - Faceoff Wins : 31 - Blocked Shots : 9 - Penalty Minutes : 12
Marlies - Hits : 19 - Faceoff Wins : 34 - Blocked Shots : 10 - Penalty Minutes : 8
Official
Referees : Marc Joannette and Furman South
Linesman : James Tobias and Matt MacPherson
Game Notes
Colton Sissons has scored a Hat Trick!
Finance
Level 1 -- Attendance: 1876 (93.80%) -- Ticket Income $65,660
Level 2 -- Attendance: 1000 (100.00%) -- Ticket Income $15,000
Total Attendance: 2876 (95.87%)
Total Ticket Income: $80,660
Other Income: $4,033
Total Income: $84,693
Reign
5 vs 5 Forward
Center Left Wing Right Wing Time % Phy DF OF
1 Sam Carrick Patrik Laine Matthew Tkachuk 30 1 2 2
2 Joel Eriksson Ek Jason Robertson Drake Batherson 30 1 2 2
3 Nick Suzuki Lane MacDermid J.T. Brown 25 1 2 2
4 Morgan Frost Pierre-Luc Dubois Josh Anderson 15 1 2 2
5 vs 5 Defense
Defense Defense Time % Phy DF OF
1 Brett Kulak Tony DeAngelo 40 1 2 2
2 Brendan Guhle Jakob Chychrun 30 1 2 2
3 Matt Roy Nicolas Hague 20 1 2 2
4 Morgan Ellis Michael Anderson 10 1 2 2
PowerPlay Forward
Center Left Wing Right Wing Time % Phy DF OF
1 Nick Suzuki Jason Robertson Matthew Tkachuk 60 1 2 2
2 Joel Eriksson Ek Patrik Laine Drake Batherson 40 1 2 2
PowerPlay Defense
Defense Defense Time % Phy DF OF
1 Tony DeAngelo Jakob Chychrun 60 1 2 2
2 Michael Anderson Matt Roy 40 1 2 2
Penalty Kill 4 Players Forward
Center Wing Time % Phy DF OF
1 Joel Eriksson Ek J.T. Brown 60 1 2 2
2 Sam Carrick Josh Anderson 40 1 2 2
Penalty Kill 4 Players Defense
Defense Defense Time % Phy DF OF
1 Brendan Guhle Nicolas Hague 60 1 2 2
2 Brett Kulak Morgan Ellis 40 1 2 2
Penalty Kill - 3 Players Forward
Forward Time % Phy DF OF
1 Sam Carrick 60 1 2 2
2 Joel Eriksson Ek 40 1 2 2
Penalty Kill - 3 Players Defense
Defense Defense Time % Phy DF OF
1 Nicolas Hague Brendan Guhle 60 1 2 2
2 Brett Kulak Morgan Ellis 40 1 2 2
4 vs 4 Forward
Center Wing Time % Phy DF OF
1 Sam Carrick Matthew Tkachuk 60 1 2 2
2 Joel Eriksson Ek J.T. Brown 40 1 2 2
4 vs 4 Defense
Defense Defense Time % Phy DF OF
1 Brett Kulak Tony DeAngelo 60 1 2 2
2 Brendan Guhle Matt Roy 40 1 2 2
Last Minutes Offensive
Center Left Wing Right Wing Defense Defense
Sam Carrick Jason Robertson Matthew Tkachuk Jakob Chychrun Tony DeAngelo
Last Minutes Defensive
Center Left Wing Right Wing Defense Defense
Sam Carrick Pierre-Luc Dubois Matthew Tkachuk Brendan Guhle Nicolas Hague
Goaltenders
Starting : Cayden Primeau
Backup : Cal Petersen
Extra Forwards
Normal : Matthew Tkachuk, J.T. Brown, Drake Batherson - PP : Morgan Frost, Sam Carrick - PK : Lane MacDermid
Extra Defensemen
Normal : Jakob Chychrun, Nicolas Hague, Michael Anderson - PP : Jakob Chychrun - PK : Tony DeAngelo, Matt Roy
Penalty Shots
Nick Suzuki, Drake Batherson, Patrik Laine, Joel Eriksson Ek, J.T. Brown
Scratches
Vinni Lettieri (Healthy), Darroll Powe (Healthy), Dylan Blujus (Healthy), Johan Larsson (Healthy), Trevor Moore (Healthy)
Michael Pezzetta (Healthy), Austin Czarnik (Healthy), Ilya Samsonov (Healthy)
Marlies
5 vs 5 Forward
Center Left Wing Right Wing Time % Phy DF OF
1 Pavel Zacha Valentin Zykov Nicholas Baptiste 40 1 2 2
2 Aleksi Saarela Alex Formenton Martin Necas 30 1 2 2
3 Logan Brown Tyler Benson Mathieu Olivier 20 1 2 2
4 Colton Sissons Henri Ikonen Tobias Lindberg 10 1 2 2
5 vs 5 Defense
Defense Defense Time % Phy DF OF
1 Brett Pesce Jeff Corbett 40 1 2 2
2 Pierre-Olivier Joseph Keaton Thompson 30 1 2 2
3 Dennis Gilbert Dmitri Samorukov 20 1 2 2
4 Brett Pesce Jeff Corbett 10 1 2 2
PowerPlay Forward
Center Left Wing Right Wing Time % Phy DF OF
1 Pavel Zacha Valentin Zykov Nicholas Baptiste 60 1 2 2
2 Colton Sissons Alex Formenton Martin Necas 40 1 2 2
PowerPlay Defense
Defense Defense Time % Phy DF OF
1 Brett Pesce Pierre-Olivier Joseph 60 1 2 2
2 Jeff Corbett Keaton Thompson 40 1 2 2
Penalty Kill 4 Players Forward
Center Wing Time % Phy DF OF
1 Colton Sissons Tyler Benson 60 1 2 2
2 Pavel Zacha Mathieu Olivier 40 1 2 2
Penalty Kill 4 Players Defense
Defense Defense Time % Phy DF OF
1 Brett Pesce Keaton Thompson 60 1 2 2
2 Dennis Gilbert Jeff Corbett 40 1 2 2
Penalty Kill - 3 Players Forward
Forward Time % Phy DF OF
1 Colton Sissons 60 1 2 2
2 Pavel Zacha 40 1 2 2
Penalty Kill - 3 Players Defense
Defense Defense Time % Phy DF OF
1 Brett Pesce Keaton Thompson 60 1 2 2
2 Dennis Gilbert Jeff Corbett 40 1 2 2
4 vs 4 Forward
Center Wing Time % Phy DF OF
1 Pavel Zacha Nicholas Baptiste 60 1 2 2
2 Aleksi Saarela Valentin Zykov 40 1 2 2
4 vs 4 Defense
Defense Defense Time % Phy DF OF
1 Brett Pesce Jeff Corbett 60 1 2 2
2 Keaton Thompson Pierre-Olivier Joseph 40 1 2 2
Last Minutes Offensive
Center Left Wing Right Wing Defense Defense
Pavel Zacha Valentin Zykov Nicholas Baptiste Brett Pesce Pierre-Olivier Joseph
Last Minutes Defensive
Center Left Wing Right Wing Defense Defense
Pavel Zacha Tyler Benson Nicholas Baptiste Brett Pesce Keaton Thompson
Goaltenders
Starting : Charlie Lindgren
Backup : Logan Thompson
Extra Forwards
Normal : Colton Sissons, Logan Brown, Nicholas Baptiste - PP : Aleksi Saarela, Martin Necas - PK : Tyler Benson
Extra Defensemen
Normal : Pierre-Olivier Joseph, Keaton Thompson, Brett Pesce - PP : Pierre-Olivier Joseph - PK : Pierre-Olivier Joseph, Keaton Thompson
Penalty Shots
Aleksi Saarela, Colton Sissons, Valentin Zykov, Pavel Zacha, Nicholas Baptiste
Scratches
Brycen Martin (Healthy), Marc McLaughlin (Healthy), Jaden Lindo (Healthy), Jakob Forsbacka-Karlsson (Healthy), Matthew Highmore (Healthy)
Radovan Bondra (Healthy), Simon Bourque (Healthy), Mike Hardman (Healthy), Lucas Carlsson (Facial Surgery Injury), Otto Koivula (Healthy)
Jonathan Davidsson (Healthy)
% Time on Ice - Reign
Lines # - Real PCT - Wanted PCT - Time Play
Normal Forward
1 - 27% - 30% - 12:30
2 - 28% - 30% - 13:01
3 - 25% - 25% - 11:29
4 - 20% - 15% - 9:20
Normal Defense
1 - 41% - 40% - 19:13
2 - 30% - 30% - 13:52
3 - 20% - 20% - 9:21
4 - 8% - 10% - 3:54
PP Forward
1 - 55% - 60% - 2:45
2 - 45% - 40% - 2:13
PP Defense
1 - 63% - 60% - 3:08
2 - 37% - 40% - 1:50
PK Forward
1 - 79% - 60% - 5:40
2 - 21% - 40% - 1:31
PK Defense
1 - 68% - 60% - 4:55
2 - 32% - 40% - 2:16
PK3 Forward
1 - 74% - 60% - 1:05
2 - 26% - 40% - 0:23
PK3 Defense
1 - 55% - 60% - 0:48
2 - 45% - 40% - 0:40
44 Forward
1 - 0% - 60%
2 - 0% - 40%
44 Defense
1 - 0% - 60%
2 - 0% - 40%
Last Minute Offensive - 0:03
Last Minute Defensive - 0:00
Total
Forward - 60:00
Defense - 60:00
|
% Time on Ice - Marlies
Lines # - Real PCT - Wanted PCT - Time Play
Normal Forward
1 - 37% - 40% - 17:05
2 - 27% - 30% - 12:18
3 - 21% - 20% - 9:50
4 - 15% - 10% - 7:10
Normal Defense
1 - 39% - 40% - 18:05
2 - 37% - 30% - 16:59
3 - 23% - 20% - 10:36
4 - 2% - 10% - 0:43
PP Forward
1 - 57% - 60% - 4:55
2 - 43% - 40% - 3:44
PP Defense
1 - 68% - 60% - 5:52
2 - 32% - 40% - 2:47
PK Forward
1 - 73% - 60% - 3:39
2 - 27% - 40% - 1:19
PK Defense
1 - 56% - 60% - 2:48
2 - 44% - 40% - 2:10
PK3 Forward
1 - 0% - 60%
2 - 0% - 40%
PK3 Defense
1 - 0% - 60%
2 - 0% - 40%
44 Forward
1 - 0% - 60%
2 - 0% - 40%
44 Defense
1 - 0% - 60%
2 - 0% - 40%
Last Minute Offensive - 0:00
Last Minute Defensive - 0:00
Total
Forward - 60:00
Defense - 60:00
|
Play-by-Play
1st period
0:01 of 1st period - Nicholas Baptiste wins face-off versus Sam Carrick in neutral zone.
0:03 of 1st period - Off-side.
0:04 of 1st period - Sam Carrick wins face-off versus Pavel Zacha in neutral zone.
2:20 of 1st period - Wrist shot by J.T. Brown.
2:20 of 1st period - Shot Misses the Net.
2:50 of 1st period - Wrist shot by Josh Anderson.
2:50 of 1st period - Shot Misses the Net.
2:52 of 1st period - Slapshot by Brendan Guhle.
2:52 of 1st period - Stopped by Charlie Lindgren with a rebound.
2:54 of 1st period - Slapshot by Sam Carrick.
2:54 of 1st period - Stopped by Charlie Lindgren without a rebound.
2:55 of 1st period - Pavel Zacha wins face-off versus Sam Carrick in Marlies zone.
2:55 of 1st period - Pavel Zacha is hit by Matthew Tkachuk.
3:01 of 1st period - Patrik Laine is hit by Pavel Zacha and loses puck.
3:20 of 1st period - Pavel Zacha is hit by Lane MacDermid and loses puck.
4:35 of 1st period - Wrist shot by Josh Anderson.
4:35 of 1st period - Stopped by Charlie Lindgren with a rebound.
4:37 of 1st period - Slapshot by Morgan Ellis.
4:37 of 1st period - Stopped by Charlie Lindgren without a rebound.
4:38 of 1st period - Aleksi Saarela wins face-off versus Joel Eriksson Ek in Marlies zone.
4:53 of 1st period - Slapshot by Martin Necas.
4:53 of 1st period - Stopped by Cayden Primeau with a rebound.
5:03 of 1st period - Tyler Benson is hit by Matthew Tkachuk and loses puck.
5:31 of 1st period - Off-side.
5:32 of 1st period - Jason Robertson wins face-off versus Pavel Zacha in neutral zone.
6:06 of 1st period - Wrist shot by Aleksi Saarela.
6:06 of 1st period - Shot Misses the Net.
7:22 of 1st period - Minor Penalty to Jason Robertson for Holding.
7:23 of 1st period - Joel Eriksson Ek wins face-off versus Pavel Zacha in Reign zone.
7:32 of 1st period - Joel Eriksson Ek is hit by Nicholas Baptiste and loses puck.
8:09 of 1st period - Pierre-Olivier Joseph is hit by Joel Eriksson Ek and loses puck.
9:00 of 1st period - Keaton Thompson is hit by Brett Kulak and loses puck.
9:22 of 1st period - Penalty to Jason Robertson is over, Jason Robertson is back on ice.
9:42 of 1st period - Matthew Tkachuk is hit by Jeff Corbett and loses puck.
10:01 of 1st period - Henri Ikonen is hit by Drake Batherson and loses puck.
10:21 of 1st period - Morgan Frost is hit by Brett Pesce and loses puck.
11:36 of 1st period - Tony DeAngelo is hit by Aleksi Saarela.
12:14 of 1st period - Jakob Chychrun is hit by Jeff Corbett and loses puck.
12:31 of 1st period - Slapshot by J.T. Brown.
12:31 of 1st period - Stopped by Charlie Lindgren with a rebound.
13:30 of 1st period - Snap shot by J.T. Brown.
13:30 of 1st period - Stopped by Charlie Lindgren with a rebound.
13:49 of 1st period - Nicolas Hague is hit by Martin Necas and loses puck.
13:57 of 1st period - Icing by Matt Roy.
13:58 of 1st period - Colton Sissons wins face-off versus Morgan Frost in Reign zone.
14:49 of 1st period - Slapshot by Aleksi Saarela.
14:49 of 1st period - Stopped by Cayden Primeau with a rebound.
14:51 of 1st period - Wrist shot by Alex Formenton.
14:51 of 1st period - Shot Misses the Net.
14:53 of 1st period - Snap shot by Martin Necas.
14:53 of 1st period - Stopped by Cayden Primeau without a rebound.
14:54 of 1st period - Joel Eriksson Ek wins face-off versus Pavel Zacha in Reign zone.
15:00 of 1st period - Minor Penalty to Jason Robertson for Elbowing.
15:01 of 1st period - Pavel Zacha wins face-off versus Joel Eriksson Ek in Reign zone.
15:29 of 1st period - Brett Pesce is hit by Sam Carrick and loses puck.
17:00 of 1st period - Penalty to Jason Robertson is over, Jason Robertson is back on ice.
17:58 of 1st period - Tobias Lindberg is hit by Sam Carrick and loses puck.
18:13 of 1st period - Dennis Gilbert is hit by Jakob Chychrun and loses puck.
18:30 of 1st period - Wrist shot by Drake Batherson.
18:30 of 1st period - Stopped by Charlie Lindgren with a rebound.
18:42 of 1st period - Tyler Benson is hit by Matthew Tkachuk and loses puck.
19:52 of 1st period - Pierre-Olivier Joseph is hit by Patrik Laine and loses puck.
Goals for this period are 0 for Reign vs 0 for Marlies.
Shots for this period are 7 for Reign vs 3 for Marlies.
2nd period
0:01 of 2nd period - Pavel Zacha wins face-off versus Joel Eriksson Ek in neutral zone.
0:26 of 2nd period - Brett Pesce is hit by Tony DeAngelo.
0:50 of 2nd period - Snap shot by Pavel Zacha.
0:50 of 2nd period - Shot Blocked by Tony DeAngelo.
0:52 of 2nd period - Snap shot by Nicholas Baptiste.
0:52 of 2nd period - Deflect By Pavel Zacha.
0:52 of 2nd period - Stopped by Cayden Primeau without a rebound.
0:53 of 2nd period - Martin Necas wins face-off versus Nick Suzuki in Reign zone.
0:58 of 2nd period - Wrist shot by Aleksi Saarela.
0:58 of 2nd period - Stopped by Cayden Primeau with a rebound.
1:00 of 2nd period - Wrist shot by Martin Necas.
1:00 of 2nd period - Shot Misses the Net.
1:02 of 2nd period - Wrist shot by Alex Formenton.
1:02 of 2nd period - Shot Misses the Net.
1:04 of 2nd period - Slapshot by Dennis Gilbert.
1:04 of 2nd period - Shot Misses the Net.
1:06 of 2nd period - Slapshot by Dmitri Samorukov.
1:06 of 2nd period - Deflect By Aleksi Saarela.
1:06 of 2nd period - Shot Misses the Net.
1:06 of 2nd period - Puck is out of play.
1:07 of 2nd period - Aleksi Saarela wins face-off versus Joel Eriksson Ek in Reign zone.
1:23 of 2nd period - Snap shot by Joel Eriksson Ek.
1:23 of 2nd period - Stopped by Charlie Lindgren without a rebound.
1:24 of 2nd period - Nick Suzuki wins face-off versus Pavel Zacha in Marlies zone.
2:40 of 2nd period - Wrist shot by Tobias Lindberg.
2:40 of 2nd period - Shot Blocked by Brendan Guhle.
3:00 of 2nd period - Slapshot by Drake Batherson.
3:00 of 2nd period - Deflect By Joel Eriksson Ek.
3:00 of 2nd period - Shot Misses the Net.
3:00 of 2nd period - Puck is out of play.
3:01 of 2nd period - Pavel Zacha wins face-off versus Joel Eriksson Ek in Marlies zone.
3:01 of 2nd period - Pavel Zacha is hit by Tony DeAngelo.
3:06 of 2nd period - Icing by Nicholas Baptiste.
3:07 of 2nd period - Pavel Zacha wins face-off versus Patrik Laine in Marlies zone.
3:22 of 2nd period - Wrist shot by Nicholas Baptiste.
3:22 of 2nd period - Stopped by Cayden Primeau without a rebound.
3:23 of 2nd period - Martin Necas wins face-off versus Drake Batherson in Reign zone.
3:28 of 2nd period - Snap shot by Aleksi Saarela.
3:28 of 2nd period - Deflect By Martin Necas.
3:28 of 2nd period - Stopped by Cayden Primeau with a rebound.
3:30 of 2nd period - Snap shot by Jeff Corbett.
3:30 of 2nd period - Stopped by Cayden Primeau with a rebound.
3:32 of 2nd period - Wrist shot by Martin Necas.
3:32 of 2nd period - Shot Misses the Net.
3:34 of 2nd period - Backhand shot by Martin Necas.
3:34 of 2nd period - Stopped by Cayden Primeau with a rebound.
3:36 of 2nd period - Slapshot by Brett Pesce.
3:36 of 2nd period - Stopped by Cayden Primeau with a rebound.
3:38 of 2nd period - Slapshot by Martin Necas.
3:38 of 2nd period - Deflect By Alex Formenton.
3:38 of 2nd period - Stopped by Cayden Primeau with a rebound.
3:58 of 2nd period - Slapshot by Pierre-Olivier Joseph.
3:58 of 2nd period - Stopped by Cayden Primeau with a rebound.
4:10 of 2nd period - Pierre-Luc Dubois is hit by Tobias Lindberg and loses puck.
4:15 of 2nd period - Wrist shot by Colton Sissons.
4:15 of 2nd period - Shot Misses the Net.
4:30 of 2nd period - Off-side.
4:31 of 2nd period - Logan Brown wins face-off versus Joel Eriksson Ek in neutral zone.
4:31 of 2nd period - Logan Brown is hit by Drake Batherson.
4:38 of 2nd period - Off-side.
4:39 of 2nd period - Sam Carrick wins face-off versus Pavel Zacha in neutral zone.
5:07 of 2nd period - Wrist shot by Patrik Laine.
5:07 of 2nd period - Shot Blocked by Martin Necas.
5:09 of 2nd period - Slapshot by Joel Eriksson Ek.
5:09 of 2nd period - Shot Blocked by Brett Pesce.
5:11 of 2nd period - Snap shot by Jason Robertson.
5:11 of 2nd period - Shot Blocked by Aleksi Saarela.
5:13 of 2nd period - Slapshot by Matt Roy.
5:13 of 2nd period - Stopped by Charlie Lindgren without a rebound.
5:14 of 2nd period - Joel Eriksson Ek wins face-off versus Aleksi Saarela in Marlies zone.
5:24 of 2nd period - Minor Penalty to Pierre-Olivier Joseph for Slashing.
5:25 of 2nd period - Nick Suzuki wins face-off versus Colton Sissons in Marlies zone.
6:59 of 2nd period - Icing by Drake Batherson.
7:00 of 2nd period - Pavel Zacha wins face-off versus Joel Eriksson Ek in Reign zone.
7:07 of 2nd period - Pavel Zacha is hit by Joel Eriksson Ek and loses puck.
7:24 of 2nd period - Penalty to Pierre-Olivier Joseph is over, Pierre-Olivier Joseph is back on ice.
7:32 of 2nd period - Slapshot by Tony DeAngelo.
7:32 of 2nd period - Shot Misses the Net.
7:34 of 2nd period - Snap shot by Pierre-Luc Dubois.
7:34 of 2nd period - Shot Blocked by Jeff Corbett.
7:36 of 2nd period - Slapshot by Brett Kulak.
7:36 of 2nd period - Stopped by Charlie Lindgren with a rebound.
7:46 of 2nd period - Snap shot by Pierre-Olivier Joseph.
7:46 of 2nd period - Shot Misses the Net.
8:06 of 2nd period - Slapshot by Tony DeAngelo.
8:06 of 2nd period - Shot Misses the Net.
8:58 of 2nd period - Backhand shot by Josh Anderson.
8:58 of 2nd period - Stopped by Charlie Lindgren without a rebound.
8:59 of 2nd period - Joel Eriksson Ek wins face-off versus Aleksi Saarela in Marlies zone.
9:06 of 2nd period - Jakob Chychrun is hit by Martin Necas and loses puck.
13:34 of 2nd period - Matt Roy is hit by Tobias Lindberg and loses puck.
14:42 of 2nd period - Snap shot by Patrik Laine.
14:42 of 2nd period - Stopped by Charlie Lindgren without a rebound.
14:43 of 2nd period - Aleksi Saarela wins face-off versus Sam Carrick in Marlies zone.
15:00 of 2nd period - Tony DeAngelo is hit by Tyler Benson and loses puck.
15:05 of 2nd period - Wrist shot by Tyler Benson.
15:05 of 2nd period - Stopped by Cayden Primeau without a rebound.
15:06 of 2nd period - Aleksi Saarela wins face-off versus Sam Carrick in Reign zone.
15:09 of 2nd period - Slapshot by Aleksi Saarela.
15:09 of 2nd period - Shot Misses the Net.
15:11 of 2nd period - Wrist shot by Alex Formenton.
15:11 of 2nd period - Stopped by Cayden Primeau with a rebound.
15:13 of 2nd period - Wrist shot by Aleksi Saarela.
15:13 of 2nd period - Shot Blocked by Jakob Chychrun.
15:15 of 2nd period - Wrist shot by Aleksi Saarela.
15:15 of 2nd period - Stopped by Cayden Primeau without a rebound.
15:16 of 2nd period - Aleksi Saarela wins face-off versus Sam Carrick in Reign zone.
15:19 of 2nd period - Snap shot by Martin Necas.
15:19 of 2nd period - Goal by Martin Necas - Reign : 0 - Marlies : 1.
15:20 of 2nd period - Joel Eriksson Ek wins face-off versus Aleksi Saarela in neutral zone.
15:47 of 2nd period - Tony DeAngelo is hit by Nicholas Baptiste and loses puck.
17:15 of 2nd period - Off-side.
17:16 of 2nd period - Sam Carrick wins face-off versus Aleksi Saarela in neutral zone.
17:23 of 2nd period - Slapshot by Tony DeAngelo.
17:23 of 2nd period - Deflect By Matthew Tkachuk.
17:23 of 2nd period - Shot Blocked by Martin Necas.
17:23 of 2nd period - Puck is out of play.
17:24 of 2nd period - Aleksi Saarela wins face-off versus Sam Carrick in Marlies zone.
17:55 of 2nd period - Off-side.
17:56 of 2nd period - Joel Eriksson Ek wins face-off versus Pavel Zacha in neutral zone.
18:09 of 2nd period - Slapshot by Keaton Thompson.
18:09 of 2nd period - Stopped by Cayden Primeau without a rebound.
18:10 of 2nd period - Aleksi Saarela wins face-off versus Nick Suzuki in Reign zone.
18:33 of 2nd period - Minor Penalty to J.T. Brown for Interference.
18:34 of 2nd period - Joel Eriksson Ek wins face-off versus Pavel Zacha in Reign zone.
18:40 of 2nd period - Icing by Pierre-Olivier Joseph.
18:41 of 2nd period - Pavel Zacha wins face-off versus Joel Eriksson Ek in Marlies zone.
19:28 of 2nd period - Wrist shot by Pavel Zacha.
19:28 of 2nd period - Deflect By Valentin Zykov.
19:28 of 2nd period - Shot Blocked by Brendan Guhle.
19:28 of 2nd period - Puck is out of play.
19:29 of 2nd period - Joel Eriksson Ek wins face-off versus Colton Sissons in Reign zone.
19:42 of 2nd period - Wrist shot by Colton Sissons.
19:42 of 2nd period - Shot Blocked by Pierre-Luc Dubois.
19:44 of 2nd period - Slapshot by Jeff Corbett.
19:44 of 2nd period - Deflect By Colton Sissons.
19:44 of 2nd period - Goal by Colton Sissons - Reign : 0 - Marlies : 2.
19:45 of 2nd period - Pavel Zacha wins face-off versus Joel Eriksson Ek in neutral zone.
19:48 of 2nd period - Slapshot by Brett Pesce.
19:48 of 2nd period - Shot Misses the Net.
Goals for this period are 0 for Reign vs 2 for Marlies.
Shots for this period are 5 for Reign vs 15 for Marlies.
3rd period
0:01 of 3rd period - Joel Eriksson Ek wins face-off versus Pavel Zacha in neutral zone.
0:03 of 3rd period - Off-side.
0:04 of 3rd period - Jason Robertson wins face-off versus Pavel Zacha in neutral zone.
0:10 of 3rd period - Icing by Brett Pesce.
0:11 of 3rd period - Sam Carrick wins face-off versus Pavel Zacha in Marlies zone.
0:44 of 3rd period - Backhand shot by Valentin Zykov.
0:44 of 3rd period - Shot Misses the Net.
0:46 of 3rd period - Snap shot by Pavel Zacha.
0:46 of 3rd period - Shot Misses the Net.
0:54 of 3rd period - Wrist shot by Nicholas Baptiste.
0:54 of 3rd period - Deflect By Jason Robertson.
0:54 of 3rd period - Stopped by Cayden Primeau without a rebound.
0:55 of 3rd period - Nick Suzuki wins face-off versus Aleksi Saarela in Reign zone.
1:12 of 3rd period - Keaton Thompson is hit by Tony DeAngelo and loses puck.
1:25 of 3rd period - Slapshot by Tyler Benson.
1:25 of 3rd period - Stopped by Cayden Primeau with a rebound.
1:35 of 3rd period - Slapshot by Tyler Benson.
1:35 of 3rd period - Shot Blocked by Brett Kulak.
1:49 of 3rd period - Wrist shot by Colton Sissons.
1:49 of 3rd period - Stopped by Cayden Primeau without a rebound.
1:50 of 3rd period - Colton Sissons wins face-off versus Morgan Frost in Reign zone.
1:51 of 3rd period - Wrist shot by Henri Ikonen.
1:51 of 3rd period - Stopped by Cayden Primeau without a rebound.
1:52 of 3rd period - Morgan Frost wins face-off versus Colton Sissons in Reign zone.
1:52 of 3rd period - Morgan Frost is hit by Henri Ikonen.
2:03 of 3rd period - Snap shot by Josh Anderson.
2:03 of 3rd period - Shot Misses the Net.
2:05 of 3rd period - Snap shot by Josh Anderson.
2:05 of 3rd period - Goal by Josh Anderson - Reign : 1 - Marlies : 2.
2:06 of 3rd period - Pavel Zacha wins face-off versus Joel Eriksson Ek in neutral zone.
2:06 of 3rd period - Pavel Zacha is hit by Tony DeAngelo.
2:40 of 3rd period - Backhand shot by Pierre-Olivier Joseph.
2:40 of 3rd period - Stopped by Cayden Primeau with a rebound.
2:42 of 3rd period - Slapshot by Aleksi Saarela.
2:42 of 3rd period - Stopped by Cayden Primeau with a rebound.
3:20 of 3rd period - Pierre-Olivier Joseph is hit by Jakob Chychrun and loses puck.
3:34 of 3rd period - Minor Penalty to Jason Robertson for Holding Stick.
3:35 of 3rd period - Pavel Zacha wins face-off versus Joel Eriksson Ek in Reign zone.
3:51 of 3rd period - Slapshot by J.T. Brown.
3:51 of 3rd period - Stopped by Charlie Lindgren without a rebound.
3:52 of 3rd period - Joel Eriksson Ek wins face-off versus Colton Sissons in Marlies zone.
4:03 of 3rd period - Slapshot by Colton Sissons.
4:03 of 3rd period - Deflect By Alex Formenton.
4:03 of 3rd period - Shot Misses the Net.
4:03 of 3rd period - Puck is out of play.
4:04 of 3rd period - Pavel Zacha wins face-off versus Joel Eriksson Ek in Reign zone.
4:09 of 3rd period - Slapshot by Valentin Zykov.
4:09 of 3rd period - Shot Misses the Net.
4:39 of 3rd period - Snap shot by Colton Sissons.
4:39 of 3rd period - Shot Blocked by Sam Carrick.
4:41 of 3rd period - Snap shot by Colton Sissons.
4:41 of 3rd period - Stopped by Cayden Primeau with a rebound.
4:43 of 3rd period - Backhand shot by Colton Sissons.
4:43 of 3rd period - Goal by Colton Sissons - Reign : 1 - Marlies : 3.
4:44 of 3rd period - Pavel Zacha wins face-off versus Joel Eriksson Ek in neutral zone.
4:49 of 3rd period - Snap shot by Brett Pesce.
4:49 of 3rd period - Stopped by Cayden Primeau without a rebound.
4:50 of 3rd period - Joel Eriksson Ek wins face-off versus Pavel Zacha in Reign zone.
4:50 of 3rd period - Joel Eriksson Ek is hit by Pavel Zacha.
4:53 of 3rd period - Drake Batherson is hit by Nicholas Baptiste and loses puck.
5:27 of 3rd period - Slapshot by Tyler Benson.
5:27 of 3rd period - Stopped by Cayden Primeau without a rebound.
5:28 of 3rd period - Sam Carrick wins face-off versus Pavel Zacha in Reign zone.
5:35 of 3rd period - Pavel Zacha is hit by Sam Carrick and loses puck.
5:42 of 3rd period - Snap shot by Sam Carrick.
5:42 of 3rd period - Stopped by Charlie Lindgren with a rebound.
5:44 of 3rd period - Snap shot by Jakob Chychrun.
5:44 of 3rd period - Shot Blocked by Dmitri Samorukov.
5:56 of 3rd period - Dmitri Samorukov is hit by Nick Suzuki and loses puck.
6:56 of 3rd period - Snap shot by Pavel Zacha.
6:56 of 3rd period - Stopped by Cayden Primeau with a rebound.
6:58 of 3rd period - Wrist shot by Nicholas Baptiste.
6:58 of 3rd period - Shot Misses the Net.
7:00 of 3rd period - Snap shot by Pavel Zacha.
7:00 of 3rd period - Shot Misses the Net.
7:02 of 3rd period - Slapshot by Pavel Zacha.
7:02 of 3rd period - Shot Misses the Net.
7:04 of 3rd period - Backhand shot by Dennis Gilbert.
7:04 of 3rd period - Stopped by Cayden Primeau with a rebound.
8:16 of 3rd period - Wrist shot by Lane MacDermid.
8:16 of 3rd period - Shot Misses the Net.
8:57 of 3rd period - Off-side.
8:58 of 3rd period - Morgan Frost wins face-off versus Aleksi Saarela in neutral zone.
9:25 of 3rd period - Minor Penalty to Matthew Tkachuk for Hooking.
9:26 of 3rd period - Joel Eriksson Ek wins face-off versus Pavel Zacha in Reign zone.
9:47 of 3rd period - Minor Penalty to Joel Eriksson Ek for Elbowing.
9:48 of 3rd period - Sam Carrick wins face-off versus Pavel Zacha in Reign zone.
9:57 of 3rd period - Slapshot by Nicholas Baptiste.
9:57 of 3rd period - Stopped by Cayden Primeau with a rebound.
10:37 of 3rd period - Wrist shot by Colton Sissons.
10:37 of 3rd period - Shot Hit the Post.
10:39 of 3rd period - Slapshot by Pierre-Olivier Joseph.
10:39 of 3rd period - Deflect By Martin Necas.
10:39 of 3rd period - Stopped by Cayden Primeau with a rebound.
10:41 of 3rd period - Slapshot by Pierre-Olivier Joseph.
10:41 of 3rd period - Stopped by Cayden Primeau with a rebound.
10:43 of 3rd period - Snap shot by Colton Sissons.
10:43 of 3rd period - Shot Blocked by Brett Kulak.
11:15 of 3rd period - Slapshot by Colton Sissons.
11:15 of 3rd period - Goal by Colton Sissons - Reign : 1 - Marlies : 4.
11:16 of 3rd period - Lane MacDermid wins face-off versus Pavel Zacha in neutral zone.
11:21 of 3rd period - Icing by Keaton Thompson.
11:22 of 3rd period - Lane MacDermid wins face-off versus Nicholas Baptiste in Marlies zone.
11:23 of 3rd period - Wrist shot by J.T. Brown.
11:23 of 3rd period - Stopped by Charlie Lindgren with a rebound.
11:41 of 3rd period - Lane MacDermid is hit by Keaton Thompson.
11:47 of 3rd period - Penalty to Joel Eriksson Ek is over, Joel Eriksson Ek is back on ice.
12:01 of 3rd period - Snap shot by Sam Carrick.
12:01 of 3rd period - Shot Misses the Net.
12:03 of 3rd period - Wrist shot by Sam Carrick.
12:03 of 3rd period - Shot Blocked by Mathieu Olivier.
12:05 of 3rd period - Slapshot by Sam Carrick.
12:05 of 3rd period - Goal by Sam Carrick - Reign : 2 - Marlies : 4.
12:06 of 3rd period - Joel Eriksson Ek wins face-off versus Pavel Zacha in neutral zone.
12:08 of 3rd period - Tony DeAngelo is hit by Nicholas Baptiste and loses puck.
12:11 of 3rd period - Minor Penalty to Nicholas Baptiste for Interference.
12:12 of 3rd period - Colton Sissons wins face-off versus Nick Suzuki in Marlies zone.
12:21 of 3rd period - Snap shot by Matthew Tkachuk.
12:21 of 3rd period - Deflect By Jason Robertson.
12:21 of 3rd period - Goal by Jason Robertson - Reign : 3 - Marlies : 4.
12:22 of 3rd period - Pavel Zacha wins face-off versus Nick Suzuki in neutral zone.
12:52 of 3rd period - Slapshot by Jakob Chychrun.
12:52 of 3rd period - Shot Blocked by Martin Necas.
12:54 of 3rd period - Wrist shot by Drake Batherson.
12:54 of 3rd period - Stopped by Charlie Lindgren without a rebound.
12:55 of 3rd period - Aleksi Saarela wins face-off versus Joel Eriksson Ek in Marlies zone.
13:20 of 3rd period - Drake Batherson is hit by Alex Formenton and loses puck.
13:43 of 3rd period - Minor Penalty to Alex Formenton for Holding.
13:44 of 3rd period - Colton Sissons wins face-off versus Nick Suzuki in Marlies zone.
15:43 of 3rd period - Penalty to Alex Formenton is over, Alex Formenton is back on ice.
15:53 of 3rd period - Snap shot by Pavel Zacha.
15:53 of 3rd period - Goal by Pavel Zacha - Reign : 3 - Marlies : 5.
15:54 of 3rd period - Logan Brown wins face-off versus Morgan Frost in neutral zone.
15:56 of 3rd period - Off-side.
15:57 of 3rd period - Logan Brown wins face-off versus Morgan Frost in neutral zone.
16:24 of 3rd period - Slapshot by Lane MacDermid.
16:24 of 3rd period - Shot Blocked by Jeff Corbett.
16:26 of 3rd period - Slapshot by Nicolas Hague.
16:26 of 3rd period - Deflect By Lane MacDermid.
16:26 of 3rd period - Deflect By Brett Pesce.
16:26 of 3rd period - Stopped by Charlie Lindgren without a rebound.
16:27 of 3rd period - Pavel Zacha wins face-off versus Nick Suzuki in Marlies zone.
17:16 of 3rd period - Wrist shot by Nick Suzuki.
17:16 of 3rd period - Stopped by Charlie Lindgren with a rebound.
17:24 of 3rd period - Wrist shot by Tyler Benson.
17:24 of 3rd period - Shot Blocked by Jakob Chychrun.
17:38 of 3rd period - Snap shot by Josh Anderson.
17:38 of 3rd period - Stopped by Charlie Lindgren without a rebound.
17:39 of 3rd period - Josh Anderson wins face-off versus Pavel Zacha in Marlies zone.
17:40 of 3rd period - Slapshot by Tony DeAngelo.
17:40 of 3rd period - Stopped by Charlie Lindgren without a rebound.
17:41 of 3rd period - Pavel Zacha wins face-off versus Morgan Frost in Marlies zone.
17:56 of 3rd period - Pierre-Olivier Joseph is hit by Pierre-Luc Dubois and loses puck.
18:11 of 3rd period - Pierre-Olivier Joseph is hit by Nicolas Hague and loses puck.
18:26 of 3rd period - Nick Suzuki is hit by Tyler Benson and loses puck.
18:39 of 3rd period - Snap shot by Sam Carrick.
18:39 of 3rd period - Shot Misses the Net.
18:41 of 3rd period - Snap shot by Sam Carrick.
18:41 of 3rd period - Goal by Sam Carrick - Reign : 4 - Marlies : 5.
18:42 of 3rd period - Nick Suzuki wins face-off versus Mathieu Olivier in neutral zone.
18:45 of 3rd period - Reign, Cayden Primeau is pulled from the net.
18:45 of 3rd period - Slapshot by Brett Kulak.
18:45 of 3rd period - Shot Blocked by Brett Pesce.
18:47 of 3rd period - Wrist shot by J.T. Brown.
18:47 of 3rd period - Stopped by Charlie Lindgren without a rebound.
18:48 of 3rd period - Michel Therrien call a timeout for Reign.
18:48 of 3rd period - Nick Suzuki wins face-off versus Logan Brown in Marlies zone.
19:09 of 3rd period - Minor Penalty to Logan Brown for Interference.
19:10 of 3rd period - Colton Sissons wins face-off versus Jason Robertson in Marlies zone.
Goals for this period are 4 for Reign vs 3 for Marlies.
Shots for this period are 13 for Reign vs 17 for Marlies.